 Dungeon Crawl Stone Soup version 0.24.0-13-gcf9b319 (webtiles) character file.

Game seed: 15935983301045901417, levelgen mode: deterministic

773 xoxunga the Magician (level 7, -1/36 HPs)
             Began as a Deep Elf Summoner on Apr 28, 2020.
             Was a Follower of Fedhas.
             Slain by a spectral orc warrior
             ... wielding a +1 trident of piercing
             ... summoned by Nergalle
              (2 damage)
             ... on level 10 of the Dungeon.
             The game lasted 00:51:35 (7475 turns).

xoxunga the Magician (Deep Elf Summoner)            Turns: 7475, Time: 00:51:37

Health: -1/36      AC:  6    Str:  5    XL:     7   Next: 53%
Magic:  11/19      EV: 13    Int: 20    God:    Fedhas [*.....]
Gold:   294        SH:  0    Dex: 17    Spells: 11/20 levels left

rFire    . . .     SeeInvis .   g - +2 dagger (venom)
rCold    . . .     Gourm    .   (no shield)
rNeg     . . .     Faith    +   p - +0 robe
rPois    .         Spirit   .   (no helmet)
rElec    +         Reflect  .   e - +0 cloak
rCorr    .         Harm     .   (no gloves)
MR       .....                  i - +0 pair of boots
Stlth    +++.......             r - amulet of faith
HPRegen  0.12/turn              (no ring)
MPRegen  0.16/turn              (no ring)

@: drained
A: slimy green scales 1, thin skeletal structure 1, dopey 1, electricity
resistance, evolution 1
a: Renounce Religion


You were on level 10 of the Dungeon.
You worshipped Fedhas.
Fedhas was aware of your devotion.
You were not hungry.

You visited 1 branch of the dungeon, and saw 7 of its levels.

You collected 294 gold pieces.

Inventory:

Hand Weapons
 g - a +2 dagger of venom (weapon)
 m - a +0 short sword of freezing
Armour
 e - a +0 cloak (worn)
 i - a +0 pair of boots (worn)
 p - a +0 robe (worn)
Jewellery
 r - an amulet of faith (around neck)
Wands
 a - a wand of iceblast (7)
Scrolls
 b - a scroll of immolation
 d - a scroll of amnesia
Potions
 f - a potion of cancellation {unknown}
 h - a potion of magic {unknown}
Comestibles
 c - 5 rations


   Skills:
 - Level 0.2(0.0) Fighting
 - Level 1.0(0.3) Short Blades
 * Level 3.9(3.1) Dodging
 + Level 3.6(2.8) Stealth
 * Level 7.4(6.5) Spellcasting
 - Level 0.9(0.2) Hexes
 * Level 7.3(6.5) Summonings
 - Level 0.1(0.0) Ice Magic


You had 11 spell levels left.
You knew the following spells:

 Your Spells              Type           Power        Failure   Level  Hunger
a - Summon Ice Beast      Ice/Summ       ###.....     26%         4    ###....
b - Call Imp              Summ           ####....     1%          2    None
c - Summon Guardian Gole  Hex/Summ       ###.....     8%          3    #......

Your spell library contained the following spells:

 Spells                   Type           Power        Failure   Level  Hunger
 Summon Small Mammal      Summ           ####         1%          1    None
 Call Canine Familiar     Summ           ####....     1%          3    #......
 Confusing Touch          Hex            #.....       9%          1    None
 Confuse                  Hex            #.......     26%         3    #......
 Summon Lightning Spire   Summ/Air       ###.....     26%         4    ###....
 Gell's Gravitas          Tloc           #.........   30%         3    #......
 Petrify                  Tmut/Erth      #.......     69%         4    ###....
 Metabolic Englaciation   Hex/Ice        #.........   95%         5    #####..
 Yara's Violent Unravell  Hex/Tmut       #.........   95%         5    #####..


Dungeon Overview and Level Annotations

Branches:
Dungeon (10/15)
 Temple: D:4-7         Lair: D:8-11         Orc: D:9-12

Altars:
Fedhas
Nemelex Xobeh
Okawaru
Sif Muna
Trog

Annotations:
D:10 Nergalle


Innate Abilities, Weirdness & Mutations

You are partially covered in slimy green scales. (AC +2)
You have a somewhat thin skeletal structure. (Dex +2, Stealth)
You are dopey. (Int -2)
You are resistant to electric shocks. (rElec)
You evolve.


Message History

Your crimson imp blinks!
The spectral orc knight hits you but does no damage.
Your crimson imp disappears in a puff of smoke!
Your ice beast hits the spectral orc knight but does no damage.
Your white imp gestures at the bullfrog.
The puff of frost hits Nergalle!
Nergalle gestures at you while chanting.
Orcish apparitions take form around you.
Your crimson imp blinks!
Your ice beast hits the spectral orc knight.
Your ice beast freezes the spectral orc knight.
The spectral orc knight resists.
You open the door.
Your white imp gestures at the bullfrog.
The puff of frost hits Nergalle.
The spectral orc knight hits you but does no damage.
The spectral orc warrior hits you from afar with a +1 trident of piercing.
* * * LOW HITPOINT WARNING * * *
You die...
Fedhas appreciates your contribution to the ecosystem.

#.##.###.########.#
#.##......# #.#
#.##..5.[.# ##'##
#.##.##5..# ##...##
#.##......# ##.....##
#.#####..## ##.......##
.###........####Z........#
...............'.......5.+
.######.#...####@ZZ§.....#
#.##.## ##.Z..§..## #.####
##5Y...## #.# ##o§.## #.#
##F## #.# #.# #.# #.# #F#
#...#


You could see Nergalle (inner flame), a spectral orc, a spectral orc warrior, 2
spectral orc knights, a bullfrog (inner flame), a friendly ice beast, a friendly
crimson imp and a friendly white imp.

Vanquished Creatures
  An orc priest (D:9)
  A worker ant (D:4)
  An adder (D:2)
  An orc (D:9)
  3 giant cockroaches
  2 goblins (D:2)
  A hobgoblin (D:2)
  A bat (D:1)
  A frilled lizard (D:2)
  A rat (D:2)
13 creatures vanquished.

Vanquished Creatures (collateral kills)
  Maurice (D:9)
  2 sky beasts
  2 ogres
  A centaur (D:9)
  2 bullfrogs
  A scorpion (D:4)
  3 howler monkeys
  A crimson imp (D:9)
  A centaur zombie (D:9)
  An orc priest (D:9)
  An iguana (D:4)
  3 orc wizards (D:9)
  A worker ant (D:4)
  An adder (D:2)
  An ooze (D:1)
  A worm (D:2)
  A dart slug (D:2)
  5 leopard geckos
  3 orcs
  6 bats
  3 giant cockroaches (D:3)
  2 goblins
  4 hobgoblins
  3 jackals (D:3)
  5 kobolds
  2 quokkas
  3 frilled lizards
  A quokka skeleton (D:4)
  A rat (D:3)
62 creatures vanquished.

Grand Total: 75 creatures vanquished

Notes
Turn   | Place    | Note
-------+----------+-------------------------------------------
     0 | D:1      | xoxunga the Deep Elf Summoner began the quest for the Orb.
     0 | D:1      | Reached XP level 1. HP: 10/10 MP: 6/6
   559 | D:1      | Reached XP level 2. HP: 15/15 MP: 5/8
   572 | D:1      | Learned a level 2 spell: Call Imp
  1045 | D:2      | Reached skill level 5 in Summonings
  1275 | D:2      | Reached XP level 3. HP: 19/19 MP: 10/10
  2189 | D:2      | Found a blossoming altar of Fedhas.
  2189 | D:2      | Found a faded altar of an unknown god.
  2198 | D:2      | Found a faded altar of an unknown god.
  2218 | D:2      | Found a bloodstained altar of Trog.
  2226 | D:2      | Became a worshipper of Fedhas Madash
  2233 | D:2      | Found a shimmering blue altar of Sif Muna.
  2522 | D:2      | Learned a level 3 spell: Summon Guardian Golem
  3557 | D:4      | Found a sparkling altar of Nemelex Xobeh.
  3588 | D:4      | Reached XP level 4. HP: 16/24 MP: 7/12
  3604 | D:4      | Noticed an ogre
  3607 | D:4      | Gained mutation: You have sharp toenails. [potion of
                  | mutation]
  3607 | D:4      | Gained mutation: You have a pair of small horns on your
                  | head. [potion of mutation]
  3607 | D:4      | Gained mutation: You are partially covered in yellow
                  | scales. (AC +2) [potion of mutation]
  3623 | D:4      | HP: 1/36 [poisoned by a worker ant]
  3671 | D:4      | Reached skill level 5 in Spellcasting
  3801 | D:4      | Reached XP level 5. HP: 15/28 MP: 10/14
  3816 | D:4      | Reached skill level 1 in Short Blades
  3951 | D:4      | Lost mutation: You have a pair of small horns on your head.
                  | [potion of mutation]
  3951 | D:4      | Lost mutation: You have sharp toenails. [potion of
                  | mutation]
  3951 | D:4      | Lost mutation: You are partially covered in yellow scales.
                  | (AC +2) [potion of mutation]
  3951 | D:4      | Gained mutation: You are partially covered in slimy green
                  | scales. (AC +2) [potion of mutation]
  3951 | D:4      | Gained mutation: You have a somewhat thin skeletal
                  | structure. (Dex +2, Stealth) [potion of mutation]
  3951 | D:4      | Gained mutation: You are dopey. (Int -2) [potion of
                  | mutation]
  3951 | D:4      | Gained mutation: You evolve. [potion of mutation]
  4163 | D:4      | Gained mutation: You are resistant to electric shocks.
                  | (rElec) [evolution]
  4701 | D:4      | You fall into a shaft and drop 2 floors!
  4726 | D:6      | Noticed a sky beast
  4738 | D:6      | Killed a sky beast
  4754 | D:6      | Learned a level 4 spell: Summon Ice Beast
  4789 | D:6      | Noticed an ogre
  4796 | D:6      | Killed an ogre
  4825 | D:6      | You fall into a shaft and drop 3 floors!
  4826 | D:9      | Noticed a sky beast
  4832 | D:9      | Killed a sky beast
  4832 | D:9      | Reached XP level 6. HP: 32/32 MP: 9/17
  6639 | D:9      | Reached * piety under Fedhas
  6993 | D:9      | Reached XP level 7. HP: 31/36 MP: 19/19
  7008 | D:9      | Found an iron altar of Okawaru.
  7041 | D:9      | Noticed Maurice
  7084 | D:9      | Killed Maurice
  7352 | D:10     | Entered Level 10 of the Dungeon
  7461 | D:10     | Noticed Nergalle
  7466 | D:10     | Noticed a spectral orc knight
  7466 | D:10     | Noticed a spectral orc knight
  7475 | D:10     | HP: 1/36 [spectral orc warrior/+1 trident of
                  | piercing[Nergalle] (5)]
  7475 | D:10     | Slain by a spectral orc warrior

Levels and vault maps discovered:
D:1:      saegor_arrival_simple_e, layout_basic
D:2:      layout_loops_corners, chequers_temple_overflow_minitemple,
          minmay_tree_intersection
D:3:      layout_rooms, corexii_hall_statues_s
D:4:      layout_basic, nemelex_xobeh_ov_fountains_minmay,
          serial_co_window_serial, co_window_of_opportunity_a,
          co_window_paths_a, co_window_paths_b, co_window_corner_a,
          co_window_corner_a, co_window_of_opportunity_a, co_window_corner_a,
          co_window_corner_ca, co_window_corner_b, co_window_cross_2,
          co_window_paths_e, co_window_paths_d, glass_columns_a,
          glass_columns_c, glass_columns_a, glass_columns_b, glass_columns_b
D:6:      layout_basic, kennysheep_cross_room
D:9:      layout_roguey, lemuel_round_altar, uniq_maurice
D:10:     layout_loops_corners, uniq_snorg, uniq_nergalle

Skill      XL: |  1  2  3  4  5  6  7 |
---------------+----------------------+-----
Summonings     | 5 6 7 |  7.3
Spellcasting   | 4 5 6 7 |  7.4
Short Blades   | 1 |  1.0
Dodging        | 3 |  3.9
Stealth        | 3 |  3.6
Fighting       | |  0.2
Hexes          | |  0.9
Ice Magic      | |  0.1

Action                   |  1- 3 |  4- 6 |  7- 9 || total
-------------------------+-------+-------+-------++-------
Melee: Dagger            |    37 |    14 |     9 ||    60
       Headbutt          |       |     1 |       ||     1
 Cast: Summon Small Mamm |    19 |       |       ||    19
       Call Imp          |    38 |    41 |    15 ||    94
       Summon Guardian G |     1 |     9 |     1 ||    11
       Summon Ice Beast  |       |     5 |     3 ||     8
  Use: Scroll            |     5 |     9 |     1 ||    15
       Potion            |       |     8 |       ||     8
 Stab: Sleeping          |     4 |       |       ||     4
       Distracted        |       |     1 |       ||     1
  Eat: Ration            |     3 |     3 |     1 ||     7
Armor: Robe              |    20 |     2 |    10 ||    32
Dodge: Dodged            |    62 |    45 |    19 ||   126
